AoeStats
← El Bipper

Arabia

508728107Analyzed
1v1 RM · 10d ago on Sep 23, 2026· 45m 19s· 2 players
Game mode
Random Map
Map size
Tiny (2 player)
Population
200
Speed
Normal
Resources
Standard
Victory
Conquest
Starting age
Dark Age
Ending age
Imperial Age
RankedLock teamsTeams togetherTeam positionsShared explorationLock speedFull tech treeHidden civsTurbo modeCheats
Victory
Defeat
🇦🇷 Spanish · Argentina
1475
+13
1415
-13
Spotify: John Cenit - listen me
7:26 Loom
10:12 Feudal Age
10:30 Man-at-Arms
18:51 Fletching
21:49 Castle Age
21:18 Gold Mining
21:13 Double-Bit Axe
21:50 Town Watch
22:26 Bodkin Arrow
21:52 Crossbowman
23:42 Bow Saw
25:31 Padded Archer Armor
25:57 Ballistics
31:51 Scale Barding Armor
37:02 Imperial Age
37:00 Scale Mail Armor
37:11 Forging
38:06 Chain Barding Armor
38:05 Chain Mail Armor
38:38 Conscription
38:21 Stone Mining
38:51 Chieftains
39:14 Squires
39:04 Arson
40:39 Plate Mail Armor
40:16 Light Cavalry
41:47 Chain Barding Armor
42:04 Iron Casting
El Bipper
6:14 Loom
8:45 Feudal Age
9:31 Double-Bit Axe
11:13 Horse Collar
19:54 Castle Age
19:40 Bloodlines
25:26 Bow Saw
25:45 Scale Barding Armor
31:28 Ballistics
33:28 Wheelbarrow
37:44 Imperial Age
35:22 Padded Archer Armor
35:00 Elite Skirmisher
35:32 Fletching
36:30 Leather Archer Armor
37:21 Masonry
37:08 Bodkin Arrow
38:30 Bracer
39:02 Ring Archer Armor
39:20 Conscription
41:08 Chemistry
40:54 Hand Cart
41:38 Architecture
43:03 Two-Man Saw
43:36 Heavy Plow
Connection lost

Rejoining the realm…

Still unreachable

The connection could not be restored.

Session expired

The server has moved on; the page needs a fresh start.